 Dungeon Sprint DCSS version 0.26-a0-43-g20b394cb32 (webtiles) character file.

Game seed: 8702999771208589875

140 Maedhros the Covert (level 5, -8/33 HPs)
             Began as an Octopode Artificer on June 2, 2020.
             Was an Elder of Fedhas.
             Mangled by a fire bat (9 damage)
             ... in the Dungeon (Sprint VII: "The Pits").
             The game lasted 00:03:24 (459 turns).

Maedhros the Covert (Octopode Artificer)             Turns: 459, Time: 00:03:26

Health: -8/33      AC:  1    Str: 12    XL:     5   Next: 23%
Magic:  7/7        EV: 13    Int: 13    God:    Fedhas [****..]
Gold:   0          SH:  0    Dex: 13    Spells: 4/4 levels left

rFire    . . .     SeeInvis .   l - +2 trident
rCold    . . .     Gourm    .   (no shield)
rNeg     . . .     Faith    .   (helmet restricted)
rPois    .         Spirit   .   (no amulet)
rElec    .         Reflect  .   (no ring)
rCorr    .         Harm     .   (no ring)
MR       .....     NoTele   +   (no ring)
Stlth    ++++++....             (no ring)
HPRegen  0.11/turn              (no ring)
MPRegen  0.10/turn              (no ring)
                                (no ring)
                                (no ring)

@: no status effects
A: almost no armour, stealthy swim, amphibious, 8 rings, constrict 8, camouflage
1, gelatinous body 1
a: Wall of Briars, Grow Ballistomycete, Overgrow, Renounce Religion


You were in the Dungeon.
You worshipped Fedhas.
Fedhas was greatly pleased with you.
You were not hungry.

You visited 1 branch

Inventory:

Hand Weapons
 a - a +0 short sword
 l - a +2 trident (weapon)
 s - a +2 vorpal trident
Magical Staves
 r - an uncursed staff of energy
Wands
 b - a wand of flame (11)
 c - a wand of enslavement (8)
 d - a wand of random effects (10)
Scrolls
 k - a scroll of blinking
 n - 3 scrolls of remove curse
 o - 5 scrolls of amnesia
 p - a scroll of summoning
 q - 2 scrolls of vulnerability
Potions
 e - 6 potions of curing
 g - 5 potions of heal wounds
 h - a potion of haste
 i - 4 potions of magic
 j - 3 potions of berserk rage
 m - 2 potions of invisibility
Comestibles
 f - 9 rations


   Skills:
 - Level 1.0 Fighting
 - Level 1.0 Short Blades
 - Level 2.0 Dodging
 + Level 13.6 Stealth
 - Level 3.2 Evocations


You had 4 spell levels left.
You didn't know any spells.
Your spell library was empty.

Dungeon Overview and Level Annotations

Branches:
Dungeon (1/1)

Altars:
Ashenzari
Cheibriados
Dithmenos
Elyvilon
Fedhas
Gozag
Hepliaklqana
Kikubaaqudgha
Makhleb
Nemelex Xobeh
Okawaru
Qazlal
Ru
Sif Muna
Trog
Uskayaw
Vehumet
Wu Jian
Xom
Yredelemnul
Zin
The Shining One
Beogh
Jiyva
Lugonu


Innate Abilities, Weirdness & Mutations

You cannot wear most types of armour.
You are very stealthy in the water. (Stealth+)
You are amphibious.
You can wear up to eight rings at the same time.
You can use your tentacles to constrict eight enemies at once.
Your skin changes colour to match your surroundings (Stealth+).
Your rubbery body absorbs attacks. (AC +1, EV +1)


Message History

You kill your orc warrior!
Fedhas accepts your kill.
Items here: ( )) [ a cursed +0 morningstar; 4 boomerangs; a +0 scale mail; a +0 whip
Items here: ) [ †† a +0 flail; a +0 chain mail; an orc corpse; a river rat corpse
There is an open door here.
Evoke which item? (* to show all) (? for menu, Esc to quit)
Aiming: Random Effects
Press: ? - help, Shift-Dir - straight line, f - fire bat
Aim: a fire bat The fire bat seems to speed up.
The fire bat bites you.
* * * LOW HITPOINT WARNING * * *
You are engulfed in flames.
* * * LOW HITPOINT WARNING * * *
The fire bat bites you.
* * * LOW HITPOINT WARNING * * *
You are engulfed in flames!
You die...
Fedhas appreciates your contribution to the ecosystem.

#.#..#†÷#[[##.....
#.#..'..#))#####'#
#.#..####))##.....
#.#..#..#).##.....
#.#.†#..#.5##.....
#.##'#..#+###...<.
#)#........##.....
#)#........##.....
#@###########.....
#)b.....# ######
#).#.#..# #.## #
#.. #.# #.. #.. ##


You could see a fire bat (fast).

Vanquished Creatures
  An orc warrior (D)
  3 river rats (D)
  An ufetubus (D)
  A hobgoblin (D)
  A quokka (D)
  A bat (D)
  A leopard gecko skeleton (D)
9 creatures vanquished.

Vanquished Creatures (collateral kills)
  A floating eye (D)
  Jessica (D)
  2 orcs (D)
  A river rat (D)
  A white imp (D)
  A rat (D)
7 creatures vanquished.

Vanquished Creatures (others)
  An orc priest (D)
  An orc wizard (D)
2 creatures vanquished.

Grand Total: 18 creatures vanquished

Notes
Turn   | Place    | Note
-------+----------+-------------------------------------------
     0 | D        | Maedhros the Octopode Artificer began the quest for the
                  | Orb.
     0 | D        | Reached XP level 1. HP: 13/13 MP: 3/3
    14 | D        | Reached skill level 6 in Stealth
    14 | D        | Reached XP level 2. HP: 3/18 MP: 4/4
    21 | D        | Found a glowing golden altar of the Shining One.
    21 | D        | Found a glowing silver altar of Zin.
    21 | D        | Found a basalt altar of Yredelemnul.
    21 | D        | Found a shimmering altar of Xom.
    21 | D        | Found an ornate altar of the Wu Jian Council.
    21 | D        | Found a bloodstained altar of Trog.
    21 | D        | Found a shimmering blue altar of Sif Muna.
    21 | D        | Found a sacrificial altar of Ru.
    21 | D        | Found a stormy altar of Qazlal.
    21 | D        | Found an iron altar of Okawaru.
    21 | D        | Found a sparkling altar of Nemelex Xobeh.
    21 | D        | Found a burning altar of Makhleb.
    21 | D        | Found a viscous altar of Jiyva.
    21 | D        | Found a hazy altar of Hepliaklqana.
    21 | D        | Found an opulent altar of Gozag.
    21 | D        | Found a blossoming altar of Fedhas.
    21 | D        | Found a white marble altar of Elyvilon.
    21 | D        | Found a shadowy altar of Dithmenos.
    21 | D        | Found a snail-covered altar of Cheibriados.
    22 | D        | Found a radiant altar of Vehumet.
    22 | D        | Found a corrupted altar of Lugonu.
    22 | D        | Found a roughly hewn altar of Beogh.
    23 | D        | Found a hide-covered altar of Uskayaw.
    23 | D        | Found an ancient bone altar of Kikubaaqudgha.
    23 | D        | Found a shattered altar of Ashenzari.
    28 | D        | Became a worshipper of Xom of Chaos
    32 | D        | Fell from the grace of Xom
    32 | D        | Became a worshipper of Fedhas Madash
    78 | D        | Reached * piety under Fedhas
    78 | D        | Reached skill level 7 in Stealth
    79 | D        | Reached skill level 8 in Stealth
    79 | D        | Reached XP level 3. HP: 7/23 MP: 5/5
    92 | D        | Reached ** piety under Fedhas
    96 | D        | Reached skill level 9 in Stealth
   403 | D        | Noticed Jessica
   404 | D        | Noticed an orc warrior
   405 | D        | Noticed a fire bat
   413 | D        | Killed Jessica
   413 | D        | Reached *** piety under Fedhas
   413 | D        | Reached skill level 10 in Stealth
   413 | D        | Reached XP level 4. HP: 16/28 MP: 6/6
   419 | D        | Noticed a floating eye
   440 | D        | Killed a floating eye
   440 | D        | Reached skill level 12 in Stealth
   440 | D        | Reached XP level 5. HP: 12/33 MP: 7/7
   449 | D        | Reached **** piety under Fedhas
   449 | D        | Reached skill level 13 in Stealth
   459 | D        | HP: 1/33 [fire bat (2)]
   459 | D        | Mangled by a fire bat

Illustrated notes

Levels and vault maps discovered:
D:        pitsprint [storerooms_1, entrance_room_1, metal_vault_5, armoury_2,
          mini_pit_1, grid_room_1, main_hall_1, silver_pit, the_coven_3,
          the_vestibule_1, steel_vault_3, golden_pit, hallway_of_sentries,
          crystal_vault_2, iron_vault_4, final_vault]

Skill      XL: |  1  2  3  4  5 |
---------------+----------------+-----
Stealth        | 6 8 10 12 13 | 13.6
Fighting       | |  1.0
Short Blades   | |  1.0
Dodging        | |  2.0
Evocations     | |  3.2

Action                   |  1- 3 |  4- 6 || total
-------------------------+-------+-------++-------
Melee: Short sword       |     4 |       ||     4
       Constrict         |     7 |       ||     7
       Trident           |    18 |       ||    18
       Tentacles         |     3 |       ||     3
Evoke: Wand              |     8 |     8 ||    16
  Use: Potion            |     1 |       ||     1
 Stab: Sleeping          |     4 |       ||     4
Armor: Skin              |     3 |       ||     3
Dodge: Dodged            |    20 |       ||    20

Table legend:
 A = Non-vault XP
 B = Vault XP
 C = Vault XP percentage of total XP
 D = Non-vault monster count
 E = Vault monster count
 F = Vault count percentage of total count
                 A         B        C        D         E       F
            +---------+---------+-------+---------+---------+-------
      Total |       0 |     201 | 100.0 |       0 |      16 | 100.0
            +---------+---------+-------+---------+---------+-------
          D |       0 |     201 | 100.0 |       0 |      16 | 100.0
            +---------+---------+-------+---------+---------+-------
